 Dungeon Crawl Stone Soup version 0.30-a0-949-g53dc5368d7 (webtiles) character file.

Game seed: 4102488050762563737

2044 frocskos the Cleaver (level 9, -2/81 HPs)
             Began as a Hill Orc Fighter on Mar 25, 2023.
             Was a Follower of Okawaru.
             Succumbed to an orc wizard's poison
             ... on level 6 of the Dungeon on Mar 27, 2023.
             The game lasted 00:23:51 (5425 turns).

frocskos the Cleaver (Hill Orc Fighter)             Turns: 5425, Time: 00:23:51

Health: -2/81      AC: 15    Str: 35    XL:     9   Next: 24%
Magic:  9/9        EV:  8    Int:  8    God:    Okawaru [*.....]
Gold:   175        SH:  4    Dex: 10    Spells: 8/8 levels left

rFire   . . .      SeeInvis .    a - +0 war axe
rCold   . . .      Faith    .    c - +0 buckler
rNeg    . . .      Spirit   .    r - +0 plate armour
rPois   .          Reflect  .    (no helmet)
rElec   .          Rampage  .    (no cloak)
rCorr   .                        v - +0 pair of gloves
Will    .....                    y - +0 pair of boots Stlth
                                 (no amulet)
HPRegen 0.33/turn                b - +6 ring of strength
MPRegen 0.11/turn                B - +6 ring of strength

@: mighty, lethally poisoned (-2 -> -20)
A: no striking features
a: Renounce Religion, Heroism


You were on level 6 of the Dungeon.
You worshipped Okawaru.
Okawaru was aware of your devotion.
You visited 2 branches of the dungeon, and saw 7 of its levels.
You also visited: Ossuary.

You collected 326 gold pieces.
You spent 151 gold pieces at shops.

Inventory:

Hand Weapons
 a - a +0 war axe (weapon)
Armour
 c - a +0 buckler (worn)
 r - a +0 plate armour (worn)
 v - a +0 pair of gloves (worn)
 y - a +0 pair of boots (worn)
Jewellery
 b - a +6 ring of strength (left hand)
 A - a ring of wizardry
 B - a +6 ring of strength (right hand)
Wands
 n - a wand of digging (4)
 t - a wand of charming (11)
Scrolls
 e - 7 scrolls of teleportation
 f - a scroll of enchant armour {unknown}
 k - 3 scrolls of magic mapping
 o - 2 scrolls of immolation {unknown}
 p - 5 scrolls of identify
 u - a scroll of enchant weapon {unknown}
 w - a scroll of vulnerability {unknown}
 D - 2 scrolls of torment {unknown}
Potions
 g - 2 potions of cancellation {unknown}
 h - a potion of resistance
 i - a potion of magic {unknown}
 j - a potion of flight
 l - 3 potions of lignification
 m - a potion of degeneration {unknown}
 q - 3 potions of invisibility
 x - 2 potions of mutation
 z - a potion of berserk rage {unknown}
 C - a potion of attraction {unknown}
 E - a potion of brilliance {unknown}


   Skills:
 + Level 8.0 Fighting
 * Level 11.2 Axes
 + Level 7.2 Armour
 - Level 3.2 Shields


You had 8 spell levels left.
You didn't know any spells.
Your spell library contained the following spells:

 Spells                   Type           Power      Damage    Failure   Level
 Foxfire                  Conj/Fire      0%         2x1d4     98%         1
 Magic Dart               Conj           0%         1d3       98%         1
 Necrotise                Necr           0%         1d4       98%         1
 Ensorcelled Hibernation  Hex/Ice        0%         N/A       99%         2
 Passwall                 Tmut/Erth      0%         N/A       99%         2
 Searing Ray              Conj           0%         2d4       99%         2
 Dazzling Flash           Conj/Hex       0%         N/A       100%        3
 Swiftness                Air            0%         N/A       100%        3
 Vampiric Draining        Necr           0%         2d6       100%        3
 Fulminant Prism          Conj/Hex       0%         3d5       100%        4
 Iskenderun's Mystic Bla  Conj/Tloc      0%         2d3       100%        4
 Agony                    Necr           0%         N/A       100%        5
 Fireball                 Conj/Fire      0%         3d3       100%        5
 Starburst                Conj/Fire      0%         6d3       100%        6


Dungeon Overview and Level Annotations

Branches:
Dungeon (6/15)             Temple (1/1) D:4         Ossuary (visited)

Altars:
Cheibriados
Elyvilon
Hepliaklqana
Makhleb
Okawaru
Qazlal
Vehumet
Yredelemnul
Zin

Shops:
D:1 =   D:5 **?   D:6 [


Message History

Something hits you but does no damage.
You are more poisoned.
Something hits you but does no damage.
You are more poisoned.
You feel extremely sick.
You miss something.
You feel very sick.
You hear some strange, mumbled words.
A puff of flame appears from out of thin air!
The puff of flame hits you but does no damage.
You're too confused to move!
You feel very sick. Something hits you but does no damage.
You are more poisoned.
You feel very mighty all of a sudden.
You feel less confused.
* * * LOW HITPOINT WARNING * * *
You feel very sick. Something hits you but does no damage.
You barely miss something.
* * * LOW HITPOINT WARNING * * *
You feel very sick. Something hits you.
* * * LOW HITPOINT WARNING * * *
You are more poisoned.
You miss something.
* * * LOW HITPOINT WARNING * * *
You feel very sick. You block something's attack.
You miss something.
* * * LOW HITPOINT WARNING * * *
You feel very sick.
You hear some strange, mumbled words.
A puff of flame appears from out of thin air!
The puff of flame hits you.
* * * LOW HITPOINT WARNING * * *
You slash something! Okawaru accepts your kill.
Reactivating autopickup.
You feel a bit more experienced.
You die...

........## ###)##.## ##...##..#
####.....####.......####....###..
#...........#....##>......###.
##.........####.............##.
#........)## ##....##.........
#.........## #...............
#...####..).### #...............
...# #......##................
#.. ##.....)@[............... ##
#..#........###.....###..
#..##........# ###...# #.>
....#.........# ......##.
##.###........<# ...##.. . ##
#......#.?# ##....###... #....#
... ##...# ..


There were no monsters in sight!

Vanquished Creatures
  2 steam dragons (D:6)
  Edmund (D:6)
  A water moccasin (D:6)
  An orc warrior (D:5)
  2 black bears
  The ghost of anet the Conjurer, an amateur HOCj (D:4)
  Blork the orc (D:4)
  A scorpion (D:6)
  2 water moccasin zombies (Ossuary)
  A wight (Ossuary)
  A howler monkey (D:6)
  2 centaur zombies (Ossuary)
  A jelly (D:6)
  2 bullfrog zombies (Ossuary)
  5 hounds
  An orc priest (D:5)
  An iguana (D:5)
  Natasha (thrice) (D:4)
  3 scorpion zombies (Ossuary)
  4 orc wizards
  2 ogre zombies (Ossuary)
  Robin (D:4)
  9 adders
  3 gnolls (D:5)
  A shadow imp (D:6)
  A white imp (D:5)
  2 ufetubi
  3 adder zombies (Ossuary)
  2 worms
  2 dart slugs
  12 orcs
  6 ball pythons
  7 endoplasms
  5 giant cockroaches
  4 gnoll zombies (Ossuary)
  21 goblins
  3 hobgoblins
  4 quokkas
  6 bats
  2 frilled lizards (D:1)
  2 goblin zombies (Ossuary)
  A hobgoblin zombie (Ossuary)
  4 kobolds
  2 orc zombies (Ossuary)
  5 rats
  A rat zombie (D:4)
  A spectral kobold (D:3)
148 creatures vanquished.

Notes
Turn   | Place    | Note
-------+----------+-------------------------------------------
     0 | D:1      | frocskos the Hill Orc Fighter began the quest for the Orb.
     0 | D:1      | Reached XP level 1. HP: 19/19 MP: 1/1
   197 | D:1      | Reached skill level 3 in Axes
   246 | D:1      | Found Janleimu's Jewellery Emporium.
   307 | D:1      | Reached XP level 2. HP: 27/27 MP: 2/2
   906 | D:2      | Reached XP level 3. HP: 33/33 MP: 3/3
   994 | D:2      | Reached skill level 4 in Axes
  1138 | D:2      | Reached XP level 4. HP: 40/40 MP: 4/4
  1975 | D:3      | Found a faded altar of an unknown god.
  2388 | D:4      | Found a sand-covered staircase.
  2397 | Ossuary  | Entered an ossuary
  2413 | Ossuary  | Reached skill level 5 in Axes
  2417 | Ossuary  | Reached XP level 5. HP: 36/47 MP: 5/5
  2583 | Ossuary  | Reached skill level 5 in Fighting
  2583 | Ossuary  | Reached skill level 6 in Axes
  2583 | Ossuary  | Reached XP level 6. HP: 44/56 MP: 6/6
  2746 | Ossuary  | Reached skill level 5 in Armour
  2749 | Ossuary  | Reached skill level 7 in Axes
  2749 | Ossuary  | Reached XP level 7. HP: 36/61 MP: 7/7
  2901 | Ossuary  | Noticed a silent spectre
  2982 | D:4      | Noticed Robin
  2993 | D:4      | Killed Robin
  3181 | D:4      | Found a runed translucent door.
  3203 | D:4      | Noticed anet's ghost (amateur HOCj)
  3260 | D:4      | Killed anet's ghost
  3444 | D:4      | Noticed Natasha
  3445 | D:4      | Found a staircase to the Ecumenical Temple.
  3450 | D:4      | Killed Natasha
  3451 | D:4      | Reached skill level 8 in Axes
  3465 | D:4      | You fall into a shaft and drop 1 floor!
  3465 | D:5      | Entered Level 5 of the Dungeon
  3539 | D:4      | Noticed Blork the orc
  3548 | D:4      | Killed Blork the orc
  3565 | D:4      | Found a glowing silver altar of Zin.
  3584 | D:4      | Noticed Natasha
  3590 | D:4      | Killed Natasha
  3592 | D:4      | Reached XP level 8. HP: 63/71 MP: 8/8
  3597 | Temple   | Entered the Ecumenical Temple
  3633 | Temple   | Became a worshipper of Warmaster Okawaru
  3837 | D:4      | Noticed Natasha
  3848 | D:4      | Killed Natasha
  4155 | D:5      | Reached skill level 9 in Axes
  4165 | D:5      | HP: 5/106 [poisoned by an orc wizard]
  4361 | D:5      | HP: 3/71 [orc warrior/+0 halberd (9)]
  4605 | D:5      | Found Liagapry's Magic Scroll Emporium.
  4618 | D:5      | Bought a scroll of identify for 22 gold pieces
  4618 | D:5      | Bought a scroll of teleportation for 33 gold pieces
  4630 | D:5      | Found Razuc's Specific Store.
  4632 | D:5      | Found Biwoez's General Store.
  4636 | D:5      | Bought a potion of mutation for 96 gold pieces
  4910 | D:6      | Reached skill level 10 in Axes
  4945 | D:6      | Reached * piety under Okawaru
  5104 | D:6      | Upgraded the game from 0.30-a0-939-gc8157cb160 to
                  | 0.30-a0-949-g53dc5368d7
  5111 | D:6      | Found Unady's Antique Armour Emporium.
  5163 | D:6      | Reached XP level 9. HP: 53/79 MP: 9/9
  5340 | D:6      | Reached skill level 11 in Axes
  5344 | D:6      | Noticed Edmund
  5370 | D:6      | Killed Edmund
  5424 | D:6      | HP: 4/81 [poisoned by an orc wizard]
  5425 | D:6      | Succumbed to an orc wizard's poison

Illustrated notes

Levels and vault maps discovered:
D:1:      lemuel_arrival_room, layout_basic, serial_shops,
          nicolae_shop_waterfront
D:2:      layout_rooms, minmay_small_reverse_x
D:3:      layout_basic, dreamdust_ecumenical_altar_drowned_temple, minivault_27
D:4:      layout_basic, overflow_temple_1_default,
          minmay_temple_entry_stoned_glass, ebering_ghost_sewer_d,
          enter_ossuary_3, uniq_natasha, uniq_robin, uniq_blork_the_orc
D:5:      layout_cave_pools, serial_shops, nicolae_shop_trees,
          nicolae_specific_store
D:6:      layout_layer_cave, nicolae_uskayaw_suspiria, serial_shops, shop,
          grunt_ministairs_14, uniq_prince_ribbit1, uniq_edmund
Temple:   nicolae_temple_bog_church

Skill      XL: |  1  2  3  4  5  6  7  8  9 |
---------------+----------------------------+-----
Axes           | 3 4 5 6 7 8 10 11 | 11.2
Fighting       | 4 5 6 7 8 |  8.0
Armour         | 4 5 6 7 |  7.2
Shields        | |  3.2

Action                     |  1- 3 |  4- 6 |  7- 9 || total
---------------------------+-------+-------+-------++-------
  Melee: War axe           |   100 |   169 |   253 ||   522
 Invoke: Heroism           |       |       |     2 ||     2
    Use: Scroll            |       |     5 |     2 ||     7
         Potion            |       |       |    14 ||    14
   Stab: Invisible         |       |       |     1 ||     1
 Armour: Scale mail        |    16 |       |       ||    16
         Chain mail        |    42 |   120 |   100 ||   262
         Skin              |       |       |    25 ||    25
         Plate armour      |       |       |    36 ||    36
  Dodge: Dodged            |    28 |    76 |    89 ||   193
  Block: Buckler           |    27 |    49 |    45 ||   121

Table legend: (Time is in decaauts)
 A = Elapsed time spent in this place.
 B = Non-inter-level travel time spent in this place.
 C = Inter-level travel time spent in this place.
 D = Time resting spent in this place.
 E = Time spent auto-exploring this place.
 F = Levels seen in this place.
 G = Mean time per level.
                   A        B        C        D        E       F      G
               +--------+--------+--------+--------+--------+-----+--------+
         Total |   5535 |   5406 |    129 |    450 |   3568 |   8 |  691.9 |
       Dungeon |   4909 |   4789 |    120 |    412 |   3203 |   6 |  818.2 |
        Temple |     47 |     38 |      9 |      0 |     21 |   1 |   47.0 |
       Ossuary |    578 |    578 |      0 |     38 |    344 |   1 |  578.0 |
               +--------+--------+--------+--------+--------+-----+--------+

Top non-repeatable levels by time:
     D:4: 1040 daAuts
     D:5: 910 daAuts
     D:3: 874 daAuts
     D:2: 790 daAuts
     D:1: 776 daAuts
 Ossuary: 578 daAuts
     D:6: 517 daAuts
  Temple: 47 daAuts
